 Dungeon Crawl Stone Soup version 0.18.1-50-g88ac8fd (webtiles) character file.

8766 Gorglomux the Fighter (level 11, -1/117 HPs)
             Began as a Troll Monk on Oct 29, 2016.
             Was a High Priest of Okawaru.
             Slain by a hill giant
             ... wielding a +0 giant spiked club
              (35 damage)
             ... on level 10 of the Dungeon.
             The game lasted 00:26:00 (8237 turns).

Gorglomux the Fighter (Troll Monk)                  Turns: 8237, Time: 00:26:01

Health: -1/117     AC: 10    Str: 24    XL:     11   Next: 14%
Magic:  13/15      EV: 13    Int:  5    God:    Okawaru [*****.]
Gold:   597        SH:  0    Dex: 12    Spells: 0 memorised, 10 levels left

rFire  + + .     SeeInvis .       - Unarmed
rCold  . . .     Gourm    +     a - +0 robe
rNeg   . . .     Faith    .     (no shield)
rPois  .         Spirit   .     (helmet restricted)
rElec  +         Dismiss  .     I - +0 cloak {+Inv}
rCorr  .         Reflect  .     (gloves unavailable)
SustAt .         Harm     .     (boots unavailable)
MR     .....                    M - amulet "Remulo" {+Rage rElec rF++ Int-5}
Stlth  ++........               v - +4 ring of protection
                                H - +4 ring of intelligence

@: heroism, not resistant to hostile enchantments, unstealthy
A: unfitting armour, claws 3, fast metabolism 3, gourmand, regeneration 3,
shaggy fur 1, tough skin 2
a: Heroism, Finesse, Renounce Religion, Evoke Berserk Rage, Evoke Invisibility


You were on level 10 of the Dungeon.
You worshipped Okawaru.
Okawaru was extremely pleased with you.
You were very full.

You visited 2 branches of the dungeon, and saw 11 of its levels.

You collected 597 gold pieces.

Inventory:

Armour
 a - a +0 robe (worn)
 I - a +0 cloak of invisibility (worn)
Jewellery
 m - an uncursed ring of stealth
 v - a +4 ring of protection (right claw)
 A - an uncursed amulet of regeneration
 F - an uncursed ring of sustain attributes
 H - a +4 ring of intelligence (left claw)
 M - the amulet "Remulo" (around neck) {+Rage rElec rF++ Int-5}
   (You found it on level 10 of the Dungeon)

   [amulet of rage]

   It affects your intelligence (-5).
   It greatly protects you from fire.
   It insulates you from electricity.
   It lets you go berserk.
Wands
 t - a wand of flame (48/48)
 x - a wand of polymorph (15/24)
 J - a wand of confusion (29/48)
Scrolls
 d - 2 scrolls of enchant weapon {unknown}
 e - 3 scrolls of remove curse
 h - 2 scrolls of identify
 i - 2 scrolls of noise
 l - a scroll of fog {unknown}
 q - 5 scrolls of magic mapping {unknown}
 r - 2 scrolls of blinking {unknown}
 s - 4 scrolls of recharging
 y - a scroll of vulnerability {unknown}
 z - 2 scrolls of fear {unknown}
 B - 3 scrolls of amnesia
 C - 2 scrolls of immolation {unknown}
 D - a scroll of enchant armour {unknown}
 G - a scroll of random uselessness {unknown}
Potions
 c - 3 potions of magic
 j - 2 potions of heal wounds
 k - 2 potions of curing
 n - 3 potions of brilliance
 o - 2 potions of cure mutation
 p - 2 potions of flight
 w - a potion of cancellation
 N - a potion of haste
Books
 K - a book of Air

   Spells                             Type                      Level
   a - Shock                          Conjuration/Air              1
   b - Swiftness                      Charms/Air                   2
   c - Repel Missiles                 Charms/Air                   2
   d - Static Discharge               Conjuration/Air              3
   e - Lightning Bolt                 Conjuration/Air              5
Comestibles
 b - 8 bread rations
 f - 8 fruits
 g - 7 meat rations
 u - 9 slices of pizza
 E - 4 beef jerkies
 L - 3 chunks of flesh


   Skills:
 - Level 10.1(15.1) Fighting
 - Level 2.4(7.4) Dodging
 - Level 1.1(6.1) Stealth
 + Level 10.1(15.1) Unarmed Combat
 - Level 7.4 Invocations
 * Level 2.7 Evocations


You had 10 spell levels left.
You didn't know any spells.

Dungeon Overview and Level Annotations

Branches:
Dungeon (10/15)            Temple (1/1) D:7            Lair (0/8) D:9
    Orc (0/2) D:9

Altars:
Ashenzari
Cheibriados
Dithmenos
Elyvilon
Fedhas
Gozag
Kikubaaqudgha
Makhleb
Nemelex Xobeh
Okawaru
Pakellas
Qazlal
Ru
Sif Muna
Trog
Vehumet
Xom
Yredelemnul
Zin
The Shining One

Shops:
D:8 *   D:10 }

Annotations:
D:10 exclusion: 4 doors, Maud


Innate Abilities, Weirdness & Mutations

You are too large for most types of armour.
You have claws for hands.
Your metabolism is lightning-fast.
You like to eat raw meat.
You regenerate.
You are covered in fur (AC +1).
You have very tough skin (AC +2).


Message History

The hill giant is moderately wounded.
The hill giant closely misses you.
You claw the hill giant!
The hill giant is severely wounded.
You claw the hill giant!
The hill giant is almost dead.
The hill giant hits you with a giant spiked club!!
You scratch the hill giant but do no damage.
The hill giant is almost dead.
Okay, then.
You claw the hill giant!
The hill giant is almost dead.
The hill giant hits you with a giant spiked club!!
* * * LOW HITPOINT WARNING * * *
There is an open door here.
There is an open door here.
You gain the combat prowess of a mighty hero.
You feel slightly less full.
The hill giant hits you with a giant spiked club!!
You die...

##.#.#.#.#.#....# ..
#........<.# #.
#..........#
..........#
..........#
>).<.....# #######'##
#####..# #####.C@..##
#.....#####
##'##########
###...........# .
##.'...).......# ..
#..#...........# ...
#.##...........#
...$##.##...........#
....'..##...........#


You could see a hill giant.

Vanquished Creatures
  A centaur warrior (D:10)
  The ghost of Gorglomux the Cleaver, a novice DDFi of Makhleb (D:7)
  A hill giant (D:10)
  Maurice (D:8)
  The ghost of Gorglomux the Covert, a novice FeBe of Trog (D:8)
  A troll (D:9)
  The ghost of simples the Shield-Bearer, an amateur FoFi (D:4)
  A two-headed ogre (D:9)
  A blink frog (D:9)
  A hog (D:7)
  Eustachio (D:4)
  A human (D:7)
  A hungry ghost (D:8)
  2 hippogriffs (D:7)
  A water moccasin (D:7)
  2 porcupines (D:9)
  2 ice beasts
  A phantom (D:7)
  3 orc warriors (D:9)
  2 sky beasts
  A black bear (D:9)
  An eye of draining (D:10)
  4 ogres
  A centaur (D:6)
  5 big kobolds
  3 giant frogs
  3 gnoll sergeants (D:9)
  A scorpion (D:6)
  5 killer bees (D:10)
  3 wights (D:7)
  7 howler monkeys
  3 crimson imps
  3 hounds
  9 orc priests
  2 centaur skeletons
  2 jellies
  Jessica (D:2)
  A giant frog skeleton (D:5)
  11 orc wizards
  2 iguanas
  2 hell rats (D:9)
  11 worker ants
  3 sheep (D:7)
  A hound zombie (D:7)
  2 worker ant zombies
  9 gnolls
  7 adders
  A river rat (D:9)
  A shadow imp (D:7)
  4 oozes
  2 adder zombies
  2 worms
  3 dart slugs
  6 giant geckos
  39 orcs
  A ball python (D:2)
  3 giant cockroaches
  8 goblins
  3 hobgoblins
  4 jackals (D:3)
  23 kobolds
  7 quokkas
  5 bats
  4 giant newts
  2 jackal skeletons
  8 rats
255 creatures vanquished.

Notes
Turn   | Place    | Note
--------------------------------------------------------------
     0 | D:1      | Gorglomux the Troll Monk began the quest for the Orb.
     0 | D:1      | Reached XP level 1. HP: 22/22 MP: 0/0
   208 | D:1      | Reached XP level 2. HP: 29/29 MP: 1/1
   759 | D:2      | Reached XP level 3. HP: 36/37 MP: 2/2
   797 | D:2      | Found a glowing golden altar of the Shining One.
   800 | D:2      | Found a sparkling altar of Nemelex Xobeh.
  1045 | D:2      | Noticed Jessica
  1059 | D:2      | Killed Jessica
  1059 | D:2      | Reached XP level 4. HP: 48/48 MP: 3/3
  1094 | D:2      | Found a shadowy altar of Dithmenos.
  1576 | D:3      | Reached XP level 5. HP: 40/55 MP: 4/4
  1588 | D:3      | Reached skill level 5 in Fighting
  2378 | D:4      | Reached XP level 6. HP: 67/67 MP: 5/5
  2497 | D:4      | Noticed Eustachio
  2558 | D:4      | Killed Eustachio
  2692 | D:4      | Reached XP level 7. HP: 75/76 MP: 6/6
  3106 | D:4      | Noticed simples's ghost (amateur FoFi)
  3123 | D:4      | Killed simples's ghost
  3222 | D:5      | Entered Level 5 of the Dungeon
  3288 | D:5      | Reached XP level 8. HP: 55/89 MP: 7/7
  3904 | D:5      | Found a sparkling altar of Nemelex Xobeh.
  4520 | D:6      | Reached skill level 10 in Fighting
  4943 | D:7      | Reached XP level 9. HP: 101/101 MP: 8/8
  4989 | D:7      | Reached skill level 5 in Unarmed Combat
  5214 | D:7      | Found a staircase to the Ecumenical Temple.
  5223 | Temple   | Entered the Ecumenical Temple
  5328 | Temple   | Became a worshipper of Warmaster Okawaru
  5328 | Temple   | Reached * piety under Okawaru
  5328 | Temple   | Reached ** piety under Okawaru
  5383 | D:7      | Reached skill level 1 in Invocations
  5416 | D:7      | Noticed Gorglomux's ghost (novice DDFi)
  5442 | D:7      | Killed Gorglomux's ghost
  5552 | D:7      | Gained mutation: Your muscles are strong. (Str +2) [potion of mutation]
  5552 | D:7      | Gained mutation: You regenerate. [potion of mutation]
  5552 | D:7      | Lost mutation: Your muscles are strong. (Str +2) [potion of mutation]
  5911 | D:7      | Reached *** piety under Okawaru
  6046 | D:7      | Reached XP level 10. HP: 94/110 MP: 12/12
  6154 | D:8      | Noticed Gorglomux's ghost (novice FeBe)
  6447 | D:8      | Killed Gorglomux's ghost
  6447 | D:8      | Reached skill level 5 in Invocations
  6678 | D:8      | Found Liseuhaf's General Store.
  6687 | D:8      | Noticed Maurice
  6698 | D:8      | Killed Maurice
  7299 | D:9      | Found a staircase to the Lair.
  7309 | D:9      | Reached **** piety under Okawaru
  7528 | D:9      | Found a staircase to the Orcish Mines.
  7867 | D:10     | Entered Level 10 of the Dungeon
  7929 | D:10     | Noticed Maud
  7958 | D:10     | Got a twitching jade amulet
  7959 | D:10     | Identified the amulet "Remulo" {+Rage rElec rF++ Int-5} (You found it on level 10 of the Dungeon)
  8044 | D:10     | Noticed a centaur warrior
  8050 | D:10     | Killed a centaur warrior
  8050 | D:10     | Reached ***** piety under Okawaru
  8050 | D:10     | Reached skill level 10 in Unarmed Combat
  8050 | D:10     | Reached skill level 1 in Evocations
  8050 | D:10     | Reached XP level 11. HP: 105/117 MP: 15/15
  8064 | D:10     | Found Siwav's Gadget Shop.
  8180 | D:10     | Noticed a hill giant
  8190 | D:10     | Killed a hill giant
  8208 | D:10     | Noticed a hill giant
  8237 | D:10     | Slain by a hill giant

Skill      XL: |  1  2  3  4  5  6  7  8  9 10 11 |
---------------+----------------------------------+-----
Fighting       | 3 4 5 6 8 10 | 10.1
Unarmed Combat | 7 10 | 10.1
Invocations    | 4 7 |  7.4
Evocations     | 1 2 |  2.7
Dodging        | |  2.4
Stealth        | |  1.1

Action                   |  1- 3 |  4- 6 |  7- 9 | 10-12 || total
-------------------------+-------+-------+-------+-------++-------
Melee: Unarmed           |    88 |   200 |   355 |   238 ||   881
       Punch             |     3 |     4 |     5 |     4 ||    16
Invok: Heroism           |       |       |     2 |     8 ||    10
       Finesse           |       |       |       |     1 ||     1
Evoke: Wand              |       |       |       |     1 ||     1
  Use: Potion            |       |       |     2 |     1 ||     3
       Scroll            |       |       |    11 |     2 ||    13
 Stab: Sleeping          |     1 |     4 |     8 |     6 ||    19
       Distracted        |       |     1 |       |       ||     1
  Eat: Chunk             |    15 |    15 |    31 |    27 ||    88
Armor: Robe              |    40 |    88 |   144 |    73 ||   345
Dodge: Dodged            |    49 |   106 |   139 |   110 ||   404
